 Dungeon Crawl Stone Soup version 0.29-a0-919-gd064cfad1c (webtiles) character file.

Game seed: 17866861434600256715

43 xian the Gusty (level 3, 0/14 HPs)
             Began as a Felid Air Elementalist on July 27, 2022.
             Succumbed to an adder's poison
             ... on level 2 of the Dungeon.
             The game lasted 00:04:29 (2207 turns).

xian the Gusty (Felid Air Elementalist)             Turns: 2207, Time: 00:04:29

Health: 0/14       AC:  1    Str:  4    XL:     3   Next: 37%
Magic:  3/7        EV: 17    Int: 18    God:
Gold:   49         SH:  0    Dex: 16    Spells: 3/6 levels left
                                        Lives:  0   Deaths: 0

rFire   . . .      SeeInvis +   (weapon unavailable)
rCold   . . .      Faith    .   (shield unavailable)
rNeg    . . .      Spirit   .   (body armour unavailable)
rPois   .          Reflect  .   (helmet unavailable)
rElec   .          Harm     .   (cloak unavailable)
rCorr   .          Rampage  .   (gloves unavailable)
Will    .....                   (boots unavailable)
Stlth   ++........              (no amulet)
HPRegen 0.04/turn               (no ring)
MPRegen 0.10/turn               (no ring)

@: lethally poisoned (0 -> -4), quick
A: very small, claws 1, fangs 3, see invisible, speed 1, shaggy fur 1, stealthy
paws, no weapons or thrown items, no armour, multi-lived
a: no special abilities


You were on level 2 of the Dungeon.
You visited 1 branch of the dungeon, and saw 2 of its levels.

You collected 49 gold pieces.

Inventory:

Scrolls
 c - a scroll of fog
 d - a scroll of enchant armour {unknown}
 f - a scroll of fear
 g - a scroll of poison
 h - a scroll of enchant weapon {unknown}
 i - 3 scrolls of teleportation
 j - a scroll of identify
Potions
 a - a potion of magic
 b - a potion of brilliance


   Skills:
 * Level 3.1 Dodging
 * Level 3.1 Stealth
 + Level 2.3 Spellcasting
 + Level 1.0 Conjurations
 + Level 3.4 Air Magic


You had 3 spell levels left.
You knew the following spells:

 Your Spells              Type           Power      Damage    Failure   Level
a - Shock                 Conj/Air       40%        1d5       7%          1
b - Static Discharge      Conj/Air       10%        3-5/arc   11%         2

Your spell library contained the following spells:

 Spells                   Type           Power      Damage    Failure   Level
 Swiftness                Air            14%        N/A       13%         3
 Apportation              Tloc           4%         N/A       17%         1
 Necrotise                Necr           8%         1d4       17%         1
 Slow                     Hex            8%         N/A       17%         1
 Summon Small Mammal      Summ           8%         N/A       17%         1
 Confusing Touch          Hex            2%         N/A       45%         3
 Vampiric Draining        Necr           2%         2d6       45%         3
 Airstrike                Air            7%         0-3+      38%         4


Dungeon Overview and Level Annotations

Branches:
Dungeon (2/15)

Altars:


Innate Abilities, Weirdness & Mutations

You have sharp claws.
You have razor-sharp teeth.
You have supernaturally acute eyesight. (SInv)
You cover ground quickly. (Speed+)
You are covered in fur. (AC +1)
Your paws help you pounce on unaware monsters.
You are incapable of wielding weapons or throwing items.
You cannot wear armour.
You gain extra lives every three experience levels.


Message History

That beam is likely to hit you.
Continue anyway?
The zap hits the adder.
The adder is heavily wounded.
The zap hits the adder.
The adder is almost dead.
The zap misses you. The adder bites you.
You are poisoned.
The adder poisons you!
An adder is nearby!
That beam is likely to hit you.
Continue anyway?
The zap misses the adder. x2; The zap hits you.
* * * LOW HITPOINT WARNING * * *
You feel sick. The adder bites you.
* * * LOW HITPOINT WARNING * * *
You are more poisoned.
The adder poisons you! The adder barely misses you.
You feel much better.
You feel sick. The adder bites you.
You are lethally poisoned!
The adder poisons you!
Okay, then.
Aiming: Shock (safe; 8% risk of failure)
Press: ? - help, Q - select action, (/) - cycle Shift-Dir - straight line, f/p - adder
Aim: an adder (almost dead, 48% to hit)
That beam is likely to hit you.
Continue anyway?
The zap hits the adder.
You kill the adder!
The zap misses you.
You feel sick.
Your Conjurations skill increases to level 1!
You feel sick.
* * * LOW HITPOINT WARNING * * *
You feel sick.
* * * LOW HITPOINT WARNING * * *
You feel sick.
* * * LOW HITPOINT WARNING * * *
You feel sick.
* * * LOW HITPOINT WARNING * * *
You feel sick.
Okay, then.
You die...

##################
..).........†...>#
######.#<....#####
#.#.###.#########
#.#.# #@......†.#
#.#.# #########.#
#.#†# #.# #.#.#
#.# #.#.# #.# #.#
#.# #.# #.# #.#
#.# #.# #.#


There were no monsters in sight!

Vanquished Creatures
  An adder (D:2)
  2 endoplasms
  3 giant cockroaches
  5 goblins
  4 hobgoblins
  2 jackals (D:1)
  A quokka (D:2)
  4 ball pythons
  2 frilled lizards
  3 kobolds
  4 rats
31 creatures vanquished.

Notes
Turn   | Place    | Note
-------+----------+-------------------------------------------
     0 | D:1      | xian the Felid Air Elementalist began the quest for the
                  | Orb.
     0 | D:1      | Reached XP level 1. HP: 7/7 MP: 4/4
   506 | D:1      | Reached XP level 2. HP: 11/11 MP: 4/6
   647 | D:1      | Learned a level 2 spell: Static Discharge
  2005 | D:2      | Reached XP level 3. HP: 14/14 MP: 4/7
  2202 | D:2      | Reached skill level 1 in Conjurations
  2207 | D:2      | Succumbed to an adder's poison

Illustrated notes

Levels and vault maps discovered:
D:1:      minmay_arrival_five_plusses, layout_loops_corners
D:2:      layout_basic, minmay_small_reverse_x

Skill      XL: |  1  2  3 |
---------------+----------+-----
Stealth        | 3 |  3.1
Air Magic      | 3 |  3.4
Dodging        | 3 |  3.1
Conjurations   | 1 |  1.0
Spellcasting   | |  2.3

Action                   || total
-------------------------++-------
Melee: Unarmed           ||    15
       Bite              ||     1
 Cast: Shock             ||    64
  Use: Scroll            ||     7
       Potion            ||     1
Armor: Skin              ||     1
Dodge: Dodged            ||    22

Table legend: (Time is in decaauts)
 A = Elapsed time spent in this place.
 B = Non-inter-level travel time spent in this place.
 C = Inter-level travel time spent in this place.
 D = Time resting spent in this place.
 E = Time spent auto-exploring this place.
 F = Levels seen in this place.
 G = Mean time per level.
                   A        B        C        D        E       F      G
               +--------+--------+--------+--------+--------+-----+--------+
         Total |   1971 |   1958 |     13 |      0 |   1695 |   2 |  985.5 |
       Dungeon |   1971 |   1958 |     13 |      0 |   1695 |   2 |  985.5 |
               +--------+--------+--------+--------+--------+-----+--------+

Top non-repeatable levels by time:
     D:1: 1389 daAuts
     D:2: 582 daAuts
